 Dungeon Crawl Stone Soup version 0.31-a0-1165-g196b491b36 (webtiles) character file.

Game seed: 12454110052997872400

2702 jasper the Scholar of Death (level 9, -6/72 HPs)
             Began as a Mummy Necromancer on Dec 9, 2023.
             Was a Follower of Kikubaaqudgha.
             Mangled by Maggie
             ... wielding a +2 broad axe of draining
              (13 damage)
             ... on level 7 of the Dungeon.
             The game lasted 00:11:09 (7757 turns).

jasper the Scholar of Death (Mummy Necromancer)     Turns: 7757, Time: 00:11:10

Health: -6/72      AC: 10    Str: 11    XL:     9   Next: 38%
Magic:  1/15       EV: 14    Int: 18    God:    Kikubaaqudgha [*.....]
Gold:   335        SH:  0    Dex: 13    Spells: 6/16 levels left

rFire   x . .        m - +2 long sword (flame)
rCold   + . .        (no shield)
rNeg    + + +        v - +0 steam dragon scales
rPois   ∞            o - +0 helmet
rElec   .            g - +2 cloak
rCorr   .            d - +0 pair of gloves
SInv    .            (no boots)
Will    +....        (no amulet)
Stlth   ++           (no ring)
HPRegen 0.32/turn    (no ring)
MPRegen 0.14/turn

%: faith
@: about to teleport
A: cold resistance 1, negative energy resistance 3, torment resistance 2, heat
vulnerability 1, in touch with death 1, no potions, faith
a: Renounce Religion, Unearth Wretches


You were on level 7 of the Dungeon.
You worshipped Kikubaaqudgha.
Kikubaaqudgha was aware of your devotion.
You visited 2 branches of the dungeon, and saw 9 of its levels.

You collected 419 gold pieces.
You spent 84 gold pieces at shops.

Inventory:

Hand Weapons
 b - a +0 short sword
 c - a +3 short sword
 m - a +2 long sword of flaming (weapon)
 n - a +1 whip of freezing
 q - a +4 quarterstaff of chaos
 t - a +2 spear of flaming
Missiles
 h - 11 poisoned darts
 s - 5 curare-tipped darts
Armour
 a - a +0 robe
 d - a +0 pair of gloves (worn)
 g - a +2 cloak (worn)
 j - the +4 ring mail of Umofac {*Slow rPois rC+ Str+3}
   (You found it on level 2 of the Dungeon)

   Str+3:     It affects your strength (+3).
   rC+:       It protects you from cold.
   rPois:     It protects you from poison *Slow: It may slow you when you take
   damage.
 o - a +0 helmet (worn)
 r - a +1 cloak of willpower
 u - a scarf of resistance
 v - +0 steam dragon scales (worn)
Jewellery
 e - a ring of poison resistance
Wands
 w - a wand of flame (26)
Scrolls
 f - 4 scrolls of teleportation
 i - 3 scrolls of vulnerability
 k - a scroll of enchant armour
 l - 2 scrolls of fog {unknown}
 p - a scroll of summoning {unknown}
 x - a scroll of noise {unknown}


   Skills:
 + Level 7.4 Fighting
 + Level 6.4 Dodging
 - Level 1.5 Stealth
 - Level 4.0 Spellcasting
 - Level 8.0 Necromancy


You had 6 spell levels left.
You knew the following spells:

 Your Spells              Type           Power      Damage    Failure   Level
a - Necrotise             Necr           100%       1d9       1%          1
b - Cigotuvi's Dreadful   Necr/Pois/Air  38%        N/A       8%          2
c - Vampiric Draining     Necr           48%        2d9       1%          3
d - Dispel Undead         Necr           48%        3d18      5%          4

Your spell library contained the following spells:

 Spells                   Type           Power      Damage    Failure   Level
 Kiss of Death            Conj/Necr      100%       2d13      2%          1
 Animate Dead             Necr           48%        N/A       5%          4
 Agony                    Necr           48%        N/A       16%         5
 Ensorcelled Hibernation  Hex/Ice        6%         N/A       22%         2
 Jinxbite                 Hex            6%         N/A       22%         2
 Anguish                  Hex/Necr       13%        N/A       28%         4
 Death Channel            Necr           24%        N/A       63%         6


Dungeon Overview and Level Annotations

Branches:
Dungeon (8/15)             Temple (1/1) D:5
   Lair: D:8-11

Altars:
Ashenzari
Cheibriados
Dithmenos
Fedhas
Gozag
Hepliaklqana
Kikubaaqudgha
Makhleb
Nemelex Xobeh
Okawaru
Ru
Trog
Uskayaw
Vehumet
Xom
Yredelemnul

Shops:
D:5 *

Annotations:
D:3 Grinder
D:6 3 runed translucent doors, lucidstorm14's ghost, novice MiBe
D:7 Maggie


Innate Abilities, Weirdness & Mutations

You are immune to poison.
Your flesh is cold resistant. (rC+)
You are immune to negative energy. (rN+++)
You are immune to unholy pain and torment.
You are vulnerable to heat. (rF-)
You are in touch with the powers of death.
You do not drink.
You have a special connection with the divine. (Faith)


Message History

The killer bee stings you but does no damage.
The killer bee closely misses you.
Maggie hits you with a +2 broad axe of draining!
* * * LOW HITPOINT WARNING * * *
The killer bee stings you.
* * * LOW HITPOINT WARNING * * *
Maggie hits you with a +2 broad axe of draining.
* * * LOW HITPOINT WARNING * * *
You take 19 damage, and have 10/72 hp.
MASSIVE DAMAGE!!
Casting: Vampiric Draining (safe; 1% risk of failure)
Confirm with . or Enter, or press ? or * to list all spells.
Aiming: Vampiric Draining (safe; 1% risk of failure)
Press: ? - help, Shift-Dir - straight line, f - killer bee
Aim: a killer bee You feel a surge of power!
You draw life force from the killer bee!
You feel life coursing into your body.
You break out of your daze.
The killer bee stings you but does no damage.
The killer bee barely misses you. Maggie casts a spell at you.
The bolt of fire misses you.
You regained 5 hp, and now have 15/72 hp.
You now have 1/15 mp.
You can't drink.
Unknown command.
Okay, then.
As you read the scroll of teleportation, it crumbles to dust.
You feel strangely unstable. The killer bee stings you.
* * * LOW HITPOINT WARNING * * *
The killer bee misses you. Maggie barely misses you.
You take 5 damage, and have 10/72 hp.
You hit the killer bee but do no damage.
The killer bee is heavily wounded.
The killer bee stings you.
* * * LOW HITPOINT WARNING * * *
The killer bee stings you but does no damage.
Maggie hits you with a +2 broad axe of draining!
You die...
Kikubaaqudgha rasps: "You have failed me!
Welcome... oblivion!"

# # ..##...## .. ###.##
..#..... ..# ....... #
...._.. ..# ###.### ..
#..... ... ......#
#.##...##.#
###.#.#+#.#.........
....#...........y.#########
......... +.†@........>#
#.####... ##@#########.#
#.# ... #.# #.### #### #.#
#...# #.# ###.# #.# ..#.#
#.# #.#.# #.# #.#'## ###.#


You could see Maggie and a killer bee.

Vanquished Creatures
  2 steam dragons (D:7)
  3 water moccasins (D:5)
  2 orc warriors
  An ice beast (D:6)
  An ogre (D:5)
  7 bullfrogs
  4 scorpions
  5 wights (D:7)
  6 killer bees
  3 hounds
  An orc priest (D:7)
  Crazy Yiuf (D:4)
  3 sleepcaps
  2 iguanas (D:5)
  3 orc wizards
  8 adders
  3 shadow imps (D:7)
  2 white imps
  5 ufetubi
  2 worms
  A dart slug (D:4)
  15 orcs
  4 endoplasms
  3 giant cockroaches
  3 goblins
  5 hobgoblins
  10 jackals
  5 kobolds
  3 quokkas
  6 ball pythons
  5 bats
  2 frilled lizards (D:1)
  2 rats
  A spectral kobold (D:2)
129 creatures vanquished.

Vanquished Creatures (collateral kills)
  A dart slug (D:2)
  An endoplasm (D:1)
  A ball python (D:1)
  A bat (D:1)
  A frilled lizard (D:1)
  A rat (D:2)
6 creatures vanquished.

Grand Total: 135 creatures vanquished

Notes
Turn   | Place    | Note
-------+----------+-------------------------------------------
     0 | D:1      | jasper the Mummy Necromancer began the quest for the Orb.
     0 | D:1      | Reached XP level 1. HP: 13/13 MP: 4/4
   239 | D:1      | Reached XP level 2. HP: 19/19 MP: 3/6
   860 | D:1      | Learned a level 2 spell: Cigotuvi's Dreadful Rot
  1034 | D:1      | Reached XP level 3. HP: 24/24 MP: 4/7
  1038 | D:1      | Learned a level 3 spell: Vampiric Draining
  1273 | D:2      | Reached skill level 5 in Necromancy
  1685 | D:2      | Found a faded altar of an unknown god.
  2122 | D:2      | Reached XP level 4. HP: 30/30 MP: 7/9
  2242 | D:2      | Identified the +4 ring mail of Umofac {*Slow rPois rC+
                  | Str+3}
  2532 | D:3      | Noticed Grinder
  3146 | D:4      | Reached XP level 5. HP: 35/35 MP: 6/11
  3151 | D:4      | Learned a level 4 spell: Dispel Undead
  3276 | D:4      | Found a snail-covered altar of Cheibriados.
  3276 | D:4      | Found a shadowy altar of Dithmenos.
  3357 | D:4      | Reached skill level 6 in Necromancy
  3559 | D:4      | Found a runed translucent door.
  3560 | D:4      | Noticed Crazy Yiuf
  3651 | D:4      | Killed Crazy Yiuf
  3757 | D:5      | Entered Level 5 of the Dungeon
  3813 | D:5      | Reached XP level 6. HP: 41/41 MP: 7/12
  3904 | D:5      | Reached skill level 7 in Necromancy
  4000 | D:5      | Found Yliwiato's Serpentskin Sales.
  4000 | D:5      | Noticed a water moccasin
  4000 | D:5      | Noticed a water moccasin
  4013 | D:5      | Killed a water moccasin
  4014 | D:5      | Reached skill level 8 in Necromancy
  4014 | D:5      | Reached XP level 7. HP: 20/45 MP: 6/13
  4032 | D:5      | Reached skill level 1 in Fighting
  4041 | D:5      | Bought 5 curare-tipped darts for 84 gold pieces
  4184 | D:5      | Found a staircase to the Ecumenical Temple.
  4200 | Temple   | Entered the Ecumenical Temple
  4208 | Temple   | Became a worshipper of Kikubaaqudgha
  5173 | D:6      | Reached XP level 8. HP: 59/60 MP: 9/14
  5525 | D:6      | Found a sparkling altar of Nemelex Xobeh.
  5525 | D:6      | Found a shimmering altar of Xom.
  5526 | D:6      | Found a blossoming altar of Fedhas.
  5953 | D:6      | Found a sacrificial altar of Ru.
  6003 | D:6      | Found a runed translucent gate.
  6003 | D:6      | Noticed lucidstorm14's ghost (novice MiBe)
  6328 | D:6      | Found a runed translucent gate.
  6328 | D:6      | Found a runed translucent gate.
  6443 | D:7      | Reached skill level 5 in Fighting
  6867 | D:7      | Reached skill level 5 in Dodging
  6992 | D:7      | Reached * piety under Kikubaaqudgha
  6992 | D:7      | Received a gift from Kikubaaqudgha
  7079 | D:8      | Reached XP level 9. HP: 43/67 MP: 9/15
  7743 | D:7      | Found an iron altar of Okawaru.
  7743 | D:7      | Noticed Maggie
  7757 | D:7      | Mangled by Maggie

Illustrated notes

Levels and vault maps discovered:
D:1:      shiori_arrival_oz, layout_basic, minmay_misc_feat_rows
D:2:      layout_basic, dreamdust_ecumenical_altar_drowned_temple
D:3:      minmay_razor_zed, layout_basic, nicolae_tso_carved_into_rock,
          serial_curves, eino_curves_04, eino_curves_02, eino_curves_01,
          kennysheep_flooded_box, palyth_stone_intersect,
          minmay_misc_feat_rugged, uniq_grinder
D:4:      layout_cave_pods, amethyst_overflow_temple_binary,
          minmay_misc_feat_tower, mrwooster_statue_mirror,
          uniq_crazy_yiuf_cottage
D:5:      layout_cave_pods, minmay_temple_entry_tees, guppyfry_shop_venom
D:6:      layout_basic, grunt_temple_overflow_open, nicolae_ru_awakened_eye,
          ebering_ghost_rock_garden, nicolae_twisty_statue_hallways
D:7:      layout_basic, okawaru_gym_becter, serial_demonic, serial_demonic_e,
          serial_demonic_d, serial_demonic_a, serial_demonic_e,
          serial_demonic_f, minivault_22, uniq_maggie
D:8:      nicolae_cairo_tiling_large_dashed, layout_loops_ring,
          nicolae_overflow_hidden_temple, nicolae_qazlal_style_of_elements,
          uniq_jeremiah
Temple:   hellmonk_temple_rainy

Skill      XL: |  1  2  3  4  5  6  7  8  9 |
---------------+----------------------------+-----
Spellcasting   | 3 4 |  4.0
Necromancy     | 5 6 8 |  8.0
Fighting       | 3 6 7 |  7.4
Dodging        | 3 5 6 |  6.4
Stealth        | |  1.5

Action                     |  1- 3 |  4- 6 |  7- 9 || total
---------------------------+-------+-------+-------++-------
  Melee: Short sword       |     2 |       |       ||     2
         Long sword        |       |    33 |   145 ||   178
         Punch             |       |       |     1 ||     1
  Throw: Dart              |       |     1 |       ||     1
         Throwing net      |       |       |     1 ||     1
   Cast: Necrotise         |    70 |    61 |    77 ||   208
         Cigotuvi's Dreadf |       |     2 |     3 ||     5
         Vampiric Draining |       |     1 |    33 ||    34
    Use: Scroll            |     1 |     3 |     1 ||     5
 Armour: Robe              |     4 |    51 |    85 ||   140
         Steam dragon scal |       |       |   127 ||   127
  Dodge: Dodged            |    12 |    47 |   233 ||   292

Table legend: (Time is in decaauts)
 A = Elapsed time spent in this place.
 B = Non-inter-level travel time spent in this place.
 C = Inter-level travel time spent in this place.
 D = Time resting spent in this place.
 E = Time spent auto-exploring this place.
 F = Levels seen in this place.
 G = Mean time per level.
                   A        B        C        D        E       F      G
               +--------+--------+--------+--------+--------+-----+--------+
         Total |   7831 |   7511 |    320 |    229 |   6138 |   9 |  870.1 |
       Dungeon |   7817 |   7502 |    315 |    229 |   6138 |   8 |  977.1 |
        Temple |     14 |      9 |      5 |      0 |      0 |   1 |   14.0 |
               +--------+--------+--------+--------+--------+-----+--------+

Top non-repeatable levels by time:
     D:6: 1476 daAuts
     D:5: 1379 daAuts
     D:1: 1266 daAuts
     D:4: 1178 daAuts
     D:2: 1114 daAuts
     D:7: 886 daAuts
     D:8: 314 daAuts
     D:3: 201 daAuts
  Temple: 14 daAuts
